 Dungeon Crawl Stone Soup version 0.29.1-15-g9cfb28693d (webtiles) character file.

Game seed: 12780866945807934262

859 protoss039 the Sneak (level 8, 0/72 HPs)
             Began as a Tengu Enchanter on Mar 25, 2023.
             Was an Initiate of Dithmenos.
             Engulfed by a cloud of steam (6 damage)
             ... on level 5 of the Dungeon.
             The game lasted 00:06:55 (4191 turns).

protoss039 the Sneak (Tengu Enchanter)              Turns: 4191, Time: 00:06:55

Health: 0/72       AC:  5    Str:  8    XL:     8   Next: 2%
Magic:  17/22      EV: 16    Int: 15    God:    Dithmenos [......]
Gold:   242        SH:  0    Dex: 18    Spells: 4/13 levels left

rFire   . . .      SeeInvis .   i - +3 dagger (protect)
rCold   . . .      Faith    .   (no shield)
rNeg    . . .      Spirit   .   b - +0 robe
rPois   .          Reflect  .   (helmet restricted)
rElec   .          Harm     .   (no cloak)
rCorr   .          Rampage  .   e - +2 pair of gloves
Will    .....                   (boots unavailable)
Stlth   ..........              (no amulet)
HPRegen 0.22/turn               u - ring of magical power
MPRegen 0.18/turn               (no ring)

@: berserking, flying quickly and evasively, very quick
A: beak, talons 3, nimble flight
a: Renounce Religion


You were on level 5 of the Dungeon.
You worshipped Dithmenos.
Dithmenos was noncommittal.
You visited 2 branches of the dungeon, and saw 6 of its levels.

You collected 242 gold pieces.

Inventory:

Hand Weapons
 i - a +3 dagger of protection (weapon)
Missiles
 t - 13 poisoned darts (quivered)
 y - 3 curare-tipped darts
Armour
 b - a +0 robe (worn)
 e - a +2 pair of gloves (worn)
Jewellery
 u - a ring of magical power (left hand)
Wands
 n - a wand of flame (7)
 v - a wand of polymorph (8)
 A - a wand of acid (11)
Scrolls
 d - a scroll of vulnerability {unknown}
 f - 2 scrolls of identify
 h - 2 scrolls of immolation
 j - a scroll of brand weapon {unknown}
 l - a scroll of silence {unknown}
 r - a scroll of blinking {unknown}
 s - a scroll of poison {unknown}
 w - a scroll of enchant armour {unknown}
Potions
 a - a potion of brilliance {unknown}
 c - 2 potions of invisibility
 g - 2 potions of curing
 k - a potion of berserk rage
 m - a potion of attraction {unknown}
 o - 2 potions of might
 p - 2 potions of heal wounds {unknown}
 q - 3 potions of mutation
 x - 2 potions of lignification {unknown}
 z - a potion of flight {unknown}


   Skills:
 + Level 3.8 Fighting
 - Level 3.0 Short Blades
 + Level 0.7 Armour
 * Level 4.0 Dodging
 * Level 4.4 Stealth
 + Level 3.2 Spellcasting
 + Level 3.0 Hexes
 - Level 3.0 Ice Magic
 * Level 1.0 Invocations
 + Level 0.6 Evocations


You had 4 spell levels left.
You knew the following spells:

 Your Spells              Type           Power      Damage    Failure   Level
a - Ensorcelled Hibernat  Hex/Ice        22%        N/A       9%          2
b - Confusing Touch       Hex            11%        N/A       17%         3
c - Tukima's Dance        Hex            11%        N/A       17%         3
d - Slow                  Hex            44%        N/A       5%          1

Your spell library contained the following spells:

 Spells                   Type           Power      Damage    Failure   Level
 Dazzling Flash           Conj/Hex       14%        N/A       30%         3
 Vampiric Draining        Necr           2%         2d6       52%         3


Dungeon Overview and Level Annotations

Branches:
Dungeon (5/15) Zot: 26073  Temple (1/1) D:5 Zot: 5855

Altars:
Ashenzari
Cheibriados
Dithmenos
Elyvilon
Gozag
Hepliaklqana
Kikubaaqudgha
Nemelex Xobeh
Okawaru
Qazlal
Ru
Uskayaw
Vehumet
Wu Jian
Xom
Yredelemnul
Zin
The Shining One

Shops:
D:3 :

Annotations:
D:2 Sigmund


Innate Abilities, Weirdness & Mutations

You have a beak for a mouth.
You have claws for feet.
Your magical nature lets you fly swiftly and evasively.


Message History

The steam dragon is almost dead.
You are engulfed in a cloud of scalding steam.
The steam dragon bites you! The steam dragon closely misses you.
Unknown command.
You hit the steam dragon but do no damage.
The steam dragon is almost dead.
The steam dragon misses you. The steam dragon claws you.
* * * LOW HITPOINT WARNING * * *
Unknown command.
You hit the steam dragon but do no damage.
You claw the steam dragon, but do no damage.
The steam dragon is almost dead.
The steam dragon breathes steam at you. The ball of steam misses you.
Unknown command.
A red film seems to cover your vision as you go berserk!
You feel yourself moving faster!
You feel mighty!
You are engulfed in a cloud of scalding steam.
* * * LOW HITPOINT WARNING * * *
The steam dragon completely misses you. The steam dragon closely misses you.
Unknown command.
You hit the steam dragon but do no damage.
The steam dragon is almost dead.
You are engulfed in a cloud of scalding steam.
* * * LOW HITPOINT WARNING * * *
Unknown command.
You hit the steam dragon but do no damage.
The steam dragon appears confused.
You claw the steam dragon.
You kill the steam dragon!
Dithmenos accepts your kill.
You are engulfed in a cloud of scalding steam.
* * * LOW HITPOINT WARNING * * *
Training target 3.0 for Ice Magic reached!
Your Dodging skill increases to level 4!
Your Ice Magic skill increases to level 3!
Your Invocations skill increases to level 1!
You have reached level 8!
You feel agile.
You are engulfed in a cloud of scalding steam.
You die...

)).........#.###
.).###.....#...#
##....>..#.###.#
####....#.# #.#
#..###.# #.#
#......# #.######
#.####.# #......#
#.#############.#
#..........$@ยง..#
#################


There were no monsters in sight!

Vanquished Creatures
  Grinder (D:4)
  Eustachio (D:4)
  A steam dragon (D:5)
  An ogre (D:5)
  A phantom (D:5)
  A hound (D:5)
  Jessica (D:2)
  An iguana (D:4)
  2 orc wizards
  2 adders (D:3)
  An ufetubus (D:5)
  A worm (D:3)
  2 dart slugs
  14 orcs
  8 bats
  3 endoplasms
  7 giant cockroaches
  5 goblins
  8 hobgoblins
  8 kobolds
  3 quokkas
  7 ball pythons
  4 frilled lizards
  2 rats
85 creatures vanquished.

Vanquished Creatures (others)
  5 toadstools (D:1)
5 creatures vanquished.

Grand Total: 90 creatures vanquished

Notes
Turn   | Place    | Note
-------+----------+-------------------------------------------
     0 | D:1      | protoss039 the Tengu Enchanter began the quest for the Orb.
     0 | D:1      | Reached XP level 1. HP: 10/10 MP: 4/4
   159 | D:1      | Reached XP level 2. HP: 16/16 MP: 6/6
   219 | D:1      | Reached skill level 1 in Fighting
   400 | D:1      | Reached XP level 3. HP: 20/20 MP: 7/7
   596 | D:2      | Learned a level 2 spell: Ensorcelled Hibernation
   652 | D:2      | Found a faded altar of an unknown god.
   662 | D:2      | Noticed Sigmund
   852 | D:2      | Noticed Jessica
   858 | D:2      | Killed Jessica
   859 | D:2      | Reached XP level 4. HP: 26/26 MP: 3/8
  1560 | D:3      | Reached skill level 1 in Ice Magic
  2207 | D:3      | Found Xeangi's Book Emporium.
  2410 | D:4      | Learned a level 3 spell: Confusing Touch
  2412 | D:4      | Learned a level 1 spell: Slow
  2528 | D:4      | Gained mutation: Your magical nature lets you fly swiftly
                  | and evasively. [Tengu growth]
  2528 | D:4      | Reached XP level 5. HP: 30/30 MP: 9/9
  2529 | D:4      | Noticed Eustachio
  2725 | D:4      | Killed Eustachio
  2726 | D:4      | Reached XP level 6. HP: 36/36 MP: 10/10
  2892 | D:4      | Noticed Grinder
  2896 | D:4      | Paralysed by Grinder for 2 turns
  2918 | D:4      | Killed Grinder
  2919 | D:4      | Reached XP level 7. HP: 21/41 MP: 12/12
  3374 | D:4      | Learned a level 3 spell: Tukima's Dance
  3401 | D:5      | Entered Level 5 of the Dungeon
  3548 | D:5      | Found a staircase to the Ecumenical Temple.
  3574 | Temple   | Entered the Ecumenical Temple
  3718 | Temple   | Became a worshipper of Dithmenos the Shadowed
  3979 | D:5      | Noticed a steam dragon
  4190 | D:5      | Killed a steam dragon
  4191 | D:5      | Reached skill level 1 in Invocations
  4191 | D:5      | Reached XP level 8. HP: 6/48 MP: 13/13
  4191 | D:5      | Engulfed by a cloud of steam

Illustrated notes

Levels and vault maps discovered:
D:1:      ldierk_walled_garden, layout_basic, kennysheep_nondescript,
          hangedman_decor_peaks_small
D:2:      layout_basic, nicolae_ecumenical_oubliette, uniq_sigmund, uniq_jessica
D:3:      layout_basic, serial_shops, shop
D:4:      layout_rooms, uniq_grinder, uniq_eustachio
D:5:      layout_basic, minmay_temple_entry_junction, kennysheep_potato
Temple:   regret_index_temple_chain_breaker

Skill      XL: |  1  2  3  4  5  6  7 |
---------------+----------------------+-----
Fighting       | 1 2 3 |  3.8
Ice Magic      | 1 2 3 |  3.0
Short Blades   | 2 3 |  3.0
Dodging        | 3 4 |  4.0
Stealth        | 4 |  4.4
Spellcasting   | 3 |  3.2
Hexes          | 3 |  3.0
Invocations    | 1 |  1.0
Armour         | |  0.7
Evocations     | |  0.6

Action                   |  1- 3 |  4- 6 |  7- 9 || total
-------------------------+-------+-------+-------++-------
Melee: Dagger            |    60 |    87 |    55 ||   202
       Kick              |    11 |    23 |    11 ||    45
       Peck              |    10 |     9 |     8 ||    27
       Unarmed           |       |    10 |       ||    10
 Cast: Ensorcelled Hiber |     2 |     7 |    10 ||    19
       Confusing Touch   |       |     1 |     2 ||     3
  Use: Scroll            |       |       |     5 ||     5
       Potion            |       |       |     1 ||     1
 Stab: Sleeping          |     8 |     7 |     7 ||    22
       Confused          |       |     1 |     1 ||     2
Armor: Robe              |    15 |    26 |    20 ||    61
       Skin              |       |     5 |       ||     5
Dodge: Dodged            |    37 |   104 |    33 ||   174
